[ PARTIDA AOE2 · #486086752 ]
UnrankedCumanos vs Italians
Equipo del jugador · VICT
Equipo rival · DERR
[ ANÁLISIS DE REPETICIÓN · EXTRAÍDO DE LA PARTIDA GRABADA ]
Feudal
10:15
Castillos
33:45
Imperial
41:46
| APM promedio | 29.7 |
| APM pico | 84 |
| eAPM promedio | 15.7 |
| Aldeanos / militares | 94 / 136 |
Foco
⚔️ 31.1% · 🌾 68.9%
Militia ×52 · Cavalry Archer ×43 · Archer ×13 · Kipchak ×12 · Battering Ram ×6 · Trebuchet (Packed) ×6
Feudal
9:57
Castillos
27:25
Imperial
45:45
| APM promedio | 15.0 |
| APM pico | 52 |
| eAPM promedio | 11.4 |
| Aldeanos / militares | 75 / 111 |
Foco
⚔️ 50.3% · 🌾 49.7%
Scorpion ×71 · Genoese Crossbowman ×11 · Skirmisher ×8 · Archer ×7 · Spearman ×6 · Mangonel ×5
Mapa de la partida
Recursos iniciales + cada clic de construcción. Líneas = muros · curvas = relieve. ◆ oro · ⬟ piedra · ● bayas · ✦ reliquia · ◌ hueco del cierre
Tu base· ✓ Cerrada en 33:45 · 0t muro · 3 puerta(s)
Base de Limoncello· ✓ Cerrada en 27:25 · 0t muro · 2 puerta(s)
Terreno inicial suavizado · ◌ = hueco del cierre detectado · pasá el cursor para detalles
Inputs por minuto
— Al Crotz - - Limoncello
Build order — Al Crotz
Primeras 150 de 337 acciones detectadas
| 0:01 | Crear | Villager (Male) |
| 0:02 | Construir | House |
| 0:05 | Construir | House |
| 0:22 | Crear | Villager (Male) |
| 0:44 | Crear | Villager (Male) |
| 1:08 | Crear | Villager (Male) |
| 1:32 | Crear | Villager (Male) |
| 1:51 | Construir | Lumber Camp |
| 1:57 | Crear | Villager (Male) |
| 2:53 | Crear | Villager (Male) |
| 2:54 | Crear | Villager (Male) |
| 3:54 | Crear | Villager (Male) |
| 3:56 | Crear | Villager (Male) |
| 4:22 | Construir | House |
| 4:29 | Crear | Villager (Male) |
| 5:28 | Crear | Villager (Male) |
| 5:28 | Crear | Villager (Male) |
| 5:45 | Crear | Villager (Male) |
| 6:20 | Construir | Mill |
| 6:22 | Crear | Villager (Male) |
| 7:10 | Crear | Villager (Male) |
| 7:38 | Crear | Villager (Male) |
| 8:05 | Investigar | Feudal Age |
| 8:18 | Construir | House |
| 9:10 | Construir | Barracks |
| 10:15 | Edad | Edad Feudal |
| 10:25 | Construir | Town Center |
| 10:30 | Crear | Villager (Male) |
| 10:39 | Crear | Villager (Male) |
| 10:49 | Investigar | Double-Bit Axe |
| 11:13 | Construir | Farm |
| 11:22 | Crear | Villager (Male) |
| 11:25 | Crear | Villager (Male) |
| 11:52 | Crear | Villager (Male) |
| 12:00 | Construir | Farm |
| 12:00 | Construir | Farm |
| 12:27 | Crear | Villager (Male) |
| 12:48 | Construir | Farm |
| 12:53 | Investigar | Horse Collar |
| 12:55 | Crear | Villager (Male) |
| 12:57 | Crear | Villager (Male) |
| 13:06 | Crear | Villager (Male) |
| 13:06 | Crear | Villager (Male) |
| 13:21 | Investigar | Wheelbarrow |
| 13:41 | Construir | Farm |
| 13:41 | Construir | Farm |
| 13:43 | Construir | Farm |
| 14:07 | Investigar | Loom |
| 14:14 | Construir | Stable |
| 14:32 | Crear | Militia |
| 14:37 | Crear | Villager (Male) |
| 14:38 | Crear | Villager (Male) |
| 14:45 | Crear | Villager (Male) |
| 14:51 | Construir | House |
| 15:04 | Crear | Spearman |
| 15:09 | Investigar | Man-at-Arms (upgrade) |
| 15:14 | Construir | House |
| 15:14 | Construir | House |
| 15:18 | Crear | Villager (Male) |
| 15:32 | Construir | Farm |
| 15:33 | Construir | Farm |
| 15:33 | Construir | Farm |
| 15:34 | Construir | Farm |
| 16:02 | Crear | Militia |
| 16:11 | Crear | Militia |
| 16:17 | Construir | Barracks |
| 16:33 | Construir | Archery Range |
| 16:39 | Crear | Villager (Male) |
| 16:39 | Crear | Villager (Male) |
| 17:04 | Construir | Farm |
| 17:11 | Construir | Farm |
| 17:14 | Crear | Militia |
| 17:28 | Crear | Militia |
| 17:52 | Crear | Militia |
| 17:53 | Crear | Militia |
| 17:57 | Crear | Archer |
| 18:23 | Crear | Militia |
| 18:32 | Crear | Militia |
| 18:51 | Crear | Militia |
| 18:52 | Crear | Militia |
| 19:28 | Crear | Militia |
| 19:28 | Crear | Militia |
| 19:31 | Crear | Archer |
| 19:38 | Construir | Farm |
| 19:47 | Crear | Militia |
| 19:47 | Crear | Militia |
| 19:51 | Crear | Archer |
| 20:01 | Construir | House |
| 20:03 | Construir | House |
| 20:03 | Construir | House |
| 20:04 | Construir | House |
| 20:06 | Construir | House |
| 20:13 | Crear | Militia |
| 20:14 | Crear | Militia |
| 20:15 | Crear | Archer |
| 20:37 | Crear | Militia |
| 20:37 | Crear | Militia |
| 20:40 | Crear | Archer |
| 20:48 | Construir | Blacksmith |
| 20:52 | Crear | Villager (Male) |
| 20:52 | Crear | Villager (Male) |
| 20:52 | Crear | Villager (Male) |
| 21:18 | Crear | Villager (Male) |
| 21:18 | Crear | Villager (Male) |
| 21:27 | Investigar | Arson |
| 21:39 | Crear | Militia |
| 21:39 | Crear | Militia |
| 22:01 | Crear | Militia |
| 22:04 | Crear | Villager (Male) |
| 22:15 | Construir | Farm |
| 22:15 | Construir | Farm |
| 22:27 | Crear | Militia |
| 23:00 | Investigar | Scale Barding Armor |
| 23:02 | Investigar | Scale Mail Armor |
| 23:06 | Crear | Militia |
| 23:12 | Crear | Archer |
| 23:35 | Construir | Farm |
| 23:35 | Construir | Farm |
| 23:35 | Construir | Farm |
| 23:41 | Crear | Villager (Male) |
| 23:41 | Crear | Villager (Male) |
| 23:52 | Crear | Militia |
| 23:52 | Crear | Militia |
| 24:33 | Crear | Militia |
| 24:33 | Crear | Militia |
| 24:35 | Crear | Skirmisher |
| 24:36 | Crear | Archer |
| 24:41 | Crear | Villager (Male) |
| 24:54 | Construir | Farm |
| 24:59 | Construir | Farm |
| 25:01 | Construir | Farm |
| 25:31 | Crear | Militia |
| 25:31 | Crear | Militia |
| 25:34 | Crear | Archer |
| 25:46 | Crear | Villager (Male) |
| 25:46 | Crear | Villager (Male) |
| 25:49 | Crear | Villager (Male) |
| 25:49 | Crear | Villager (Male) |
| 26:03 | Investigar | Fletching |
| 26:30 | Crear | Militia |
| 26:30 | Crear | Militia |
| 26:32 | Crear | Archer |
| 26:39 | Crear | Villager (Male) |
| 26:40 | Crear | Villager (Male) |
| 26:53 | Crear | Villager (Male) |
| 26:53 | Crear | Villager (Male) |
| 26:53 | Crear | Villager (Male) |
| 27:20 | Crear | Villager (Male) |
| 27:20 | Crear | Villager (Male) |
| 27:52 | Construir | Farm |
Build order — Limoncello
Primeras 150 de 217 acciones detectadas
| 0:01 | Crear | Villager (Male) |
| 0:01 | Crear | Villager (Male) |
| 0:02 | Crear | Villager (Male) |
| 0:02 | Crear | Villager (Male) |
| 0:02 | Crear | Villager (Male) |
| 0:04 | Construir | House |
| 0:05 | Construir | House |
| 1:34 | Crear | Villager (Male) |
| 1:46 | Construir | Lumber Camp |
| 1:58 | Crear | Villager (Male) |
| 2:15 | Crear | Villager (Male) |
| 2:55 | Crear | Villager (Male) |
| 3:20 | Crear | Villager (Male) |
| 3:44 | Crear | Villager (Male) |
| 3:50 | Construir | House |
| 4:09 | Crear | Villager (Male) |
| 4:37 | Crear | Villager (Male) |
| 5:01 | Crear | Villager (Male) |
| 5:14 | Construir | Mill |
| 5:21 | Crear | Villager (Male) |
| 5:54 | Crear | Villager (Male) |
| 6:16 | Crear | Villager (Male) |
| 6:24 | Construir | Mill |
| 6:31 | Crear | Villager (Male) |
| 6:34 | Construir | House |
| 7:31 | Crear | Villager (Male) |
| 7:46 | Investigar | Feudal Age |
| 9:37 | Construir | Barracks |
| 9:42 | Crear | Villager (Male) |
| 9:42 | Crear | Villager (Male) |
| 9:57 | Edad | Edad Feudal |
| 10:03 | Crear | Villager (Male) |
| 10:27 | Investigar | Loom |
| 10:29 | Crear | Villager (Male) |
| 10:37 | Construir | Mining Camp |
| 10:39 | Crear | Villager (Male) |
| 11:06 | Construir | House |
| 11:15 | Crear | Villager (Male) |
| 11:59 | Crear | Villager (Male) |
| 12:04 | Crear | Spearman |
| 12:04 | Crear | Spearman |
| 12:04 | Crear | Spearman |
| 12:20 | Construir | Watch Tower |
| 12:24 | Crear | Villager (Male) |
| 12:39 | Crear | Villager (Male) |
| 12:57 | Construir | Mining Camp |
| 13:00 | Crear | Villager (Male) |
| 13:00 | Crear | Villager (Male) |
| 13:03 | Construir | House |
| 13:38 | Crear | Villager (Male) |
| 14:16 | Construir | Watch Tower |
| 14:30 | Crear | Villager (Male) |
| 15:03 | Construir | Watch Tower |
| 15:39 | Construir | Barracks |
| 15:53 | Crear | Villager (Male) |
| 15:53 | Crear | Villager (Male) |
| 15:54 | Crear | Villager (Male) |
| 16:08 | Construir | Watch Tower |
| 16:10 | Construir | Watch Tower |
| 16:14 | Construir | Watch Tower |
| 17:03 | Crear | Spearman |
| 17:04 | Crear | Spearman |
| 17:04 | Crear | Spearman |
| 17:26 | Construir | House |
| 17:34 | Crear | Villager (Male) |
| 17:54 | Construir | Watch Tower |
| 19:38 | Construir | Archery Range |
| 19:42 | Crear | Villager (Male) |
| 19:42 | Crear | Villager (Male) |
| 19:42 | Crear | Villager (Male) |
| 19:48 | Construir | House |
| 19:49 | Construir | House |
| 19:50 | Construir | House |
| 19:51 | Construir | House |
| 20:20 | Crear | Skirmisher |
| 20:21 | Crear | Skirmisher |
| 20:21 | Crear | Skirmisher |
| 20:21 | Crear | Skirmisher |
| 20:21 | Crear | Skirmisher |
| 20:28 | Construir | Lumber Camp |
| 20:38 | Construir | Market |
| 22:24 | Construir | Archery Range |
| 22:29 | Construir | Archery Range |
| 22:30 | Construir | Archery Range |
| 23:23 | Construir | Blacksmith |
| 23:33 | Construir | Archery Range |
| 24:45 | Investigar | Castle Age |
| 26:13 | Construir | Mining Camp |
| 26:40 | Crear | Archer ×5 |
| 26:40 | Crear | Archer |
| 26:40 | Crear | Archer |
| 27:06 | Crear | Villager (Male) |
| 27:25 | Edad | Edad de los Castillos |
| 27:37 | Construir | Castle |
| 28:02 | Construir | University |
| 28:28 | Construir | Farm |
| 28:28 | Construir | Farm |
| 28:28 | Construir | Farm |
| 28:29 | Construir | Farm |
| 28:29 | Construir | Farm |
| 28:29 | Construir | Farm |
| 28:29 | Construir | Farm |
| 30:07 | Crear | Genoese Crossbowman |
| 30:07 | Crear | Genoese Crossbowman |
| 30:07 | Crear | Genoese Crossbowman |
| 30:07 | Crear | Genoese Crossbowman |
| 30:07 | Crear | Genoese Crossbowman |
| 30:08 | Crear | Genoese Crossbowman |
| 30:09 | Crear | Genoese Crossbowman |
| 30:21 | Construir | Farm |
| 30:21 | Construir | Farm |
| 30:21 | Construir | Farm |
| 30:21 | Construir | Farm |
| 30:22 | Construir | Farm |
| 30:37 | Crear | Villager (Male) |
| 30:37 | Crear | Villager (Male) |
| 30:37 | Crear | Villager (Male) |
| 31:09 | Construir | Castle |
| 31:26 | Crear | Villager (Male) |
| 32:32 | Construir | Siege Workshop |
| 33:08 | Construir | Lumber Camp |
| 34:05 | Investigar | Ballistics |
| 34:08 | Investigar | Murder Holes |
| 34:15 | Crear | Villager (Male) |
| 34:15 | Crear | Villager (Male) |
| 34:15 | Crear | Villager (Male) |
| 34:16 | Crear | Villager (Male) |
| 34:23 | Construir | Lumber Camp |
| 34:57 | Investigar | Fletching |
| 34:58 | Investigar | Padded Archer Armor |
| 35:56 | Crear | Mangonel |
| 35:56 | Crear | Mangonel |
| 36:26 | Crear | Villager (Male) |
| 36:26 | Crear | Villager (Male) |
| 36:26 | Crear | Villager (Male) |
| 36:26 | Crear | Villager (Male) |
| 36:35 | Crear | Genoese Crossbowman |
| 36:35 | Crear | Genoese Crossbowman |
| 36:36 | Crear | Genoese Crossbowman |
| 36:36 | Crear | Genoese Crossbowman |
| 38:01 | Construir | Town Center |
| 38:05 | Crear | Villager (Male) |
| 38:05 | Crear | Villager (Male) |
| 38:05 | Crear | Villager (Male) |
| 38:42 | Crear | Mangonel |
| 38:42 | Crear | Mangonel |
| 39:11 | Crear | Villager (Male) |
| 39:11 | Crear | Villager (Male) |
| 39:12 | Crear | Villager (Male) |
| 40:02 | Crear | Villager (Male) |
Cronología de la partida
| 9:10 | Al Crotz · first_building Barracks |
| 9:37 | Limoncello · first_building Barracks |
| 9:57 | Limoncello · age_up feudal |
| 10:15 | Al Crotz · age_up feudal |
| 14:14 | Al Crotz · first_building Stable |
| 16:33 | Al Crotz · first_building Archery Range |
| 19:38 | Limoncello · first_building Archery Range |
| 22:35 | Limoncello · first_market_buy 100 food |
| 27:25 | Limoncello · age_up castle |
| 27:37 | Limoncello · first_building Castle |
| 31:42 | Al Crotz · first_building Siege Workshop |
| 32:32 | Limoncello · first_building Siege Workshop |
| 33:45 | Al Crotz · age_up castle |
| 36:38 | Al Crotz · first_building Castle |
| 38:23 | Limoncello · first_market_sell 100 stone |
| 41:46 | Al Crotz · age_up imperial |
| 44:50 | Al Crotz · first_building Monastery |
| 45:45 | Limoncello · age_up imperial |
| 54:11 | Limoncello · resign |
[ ANÁLISIS IA · 1 CRÉDITO ]
¿Qué pasó realmente en esta partida?
Wolo.gg analiza cada decisión: build order, eco, micro, errores típicos por bracket. Análisis personalizado por WhatsApp o Discord en 30 segundos.
Guía civ
Cumanos
Perfil
Jugador #6830818